 Dungeon Crawl Stone Soup version 0.19.1 (webtiles) character file.

13184 Nydiazath the Fighter (level 11, -3/108 HPs)
             Began as a Minotaur Fighter on Dec 15, 2016.
             Slain by a 12-headed hydra (8 damage)
             ... on level 11 of the Dungeon.
             The game lasted 00:19:01 (8562 turns).

Nydiazath the Fighter (Minotaur Fighter)            Turns: 8562, Time: 00:19:02

Health: -3/108     AC: 21    Str: 33    XL:     11   Next: 72%
Magic:  13/13      EV:  6    Int:  5    God:
Gold:   730        SH: 13    Dex: 10    Spells: 0 memorised, 10 levels left

rFire  . . .     SeeInvis .     a - +0 war axe
rCold  + . .     Gourm    .     L - +0 plate armour
rNeg   . . .     Faith    .     c - +0 shield
rPois  .         Spirit   .     (helmet restricted)
rElec  .         Reflect  +     r - +1 cloak
rCorr  .         Harm     .     z - +0 pair of gloves
MR     .....                    C - +1 pair of boots
Stlth  ..........               G - +3 amulet of reflection
                                M - ring of protection from cold
                                R - +4 ring of strength

@: mighty
A: retaliatory headbutt, horns 2
a: no special abilities


You were on level 11 of the Dungeon.
You were hungry.

You visited 1 branch of the dungeon, and saw 11 of its levels.

You collected 730 gold pieces.

Inventory:

Hand Weapons
 a - a +0 war axe (weapon)
Armour
 c - a +0 shield (worn)
 r - a +1 cloak (worn)
 z - a +0 pair of gloves (worn)
 C - a +1 pair of boots (worn)
 L - a +0 plate armour (worn)
Rods
 N - a +1 rod of shadows (12/12)
   (You found it on level 9 of the Dungeon)
Jewellery
 n - an uncursed amulet of magic regeneration
 x - an uncursed ring of fire
 F - a +6 ring of strength
 G - a +3 amulet of reflection (around neck)
 K - a +2 ring of intelligence
 M - a ring of protection from cold (right hand)
 P - a cursed amulet of inaccuracy {unknown}
 Q - an uncursed ring of protection from magic {unknown}
 R - a +4 ring of strength (left hand)
Wands
 b - a wand of confusion (12/48)
 w - a wand of random effects (8/48)
 y - a wand of iceblast (7/15)
Scrolls
 e - 10 scrolls of identify {unknown}
 i - 4 scrolls of noise {unknown}
 j - 2 scrolls of fog
 k - 2 scrolls of recharging {unknown}
 l - 7 scrolls of remove curse {unknown}
 m - 4 scrolls of teleportation {unknown}
 o - 2 scrolls of magic mapping {unknown}
 u - a scroll of blinking {unknown}
 B - 2 scrolls of enchant weapon {unknown}
 D - 2 scrolls of immolation {unknown}
 E - a scroll of enchant armour {unknown}
 H - a scroll of amnesia {unknown}
 S - a scroll of vulnerability {unknown}
Potions
 g - a potion of lignification {unknown}
 h - 3 potions of flight
 p - a potion of curing
 q - 2 potions of heal wounds
 t - 3 potions of cure mutation {unknown}
 v - 2 potions of brilliance {unknown}
 O - a potion of degeneration {unknown}
Books
 I - a book of Flames

   Spells                             Type                      Level
   a - Flame Tongue                   Conjuration/Fire             1
   b - Throw Flame                    Conjuration/Fire             2
   c - Conjure Flame                  Conjuration/Fire             3
   d - Inner Flame                    Hexes/Fire                   3
   e - Sticky Flame                   Conjuration/Fire             4
   f - Fireball                       Conjuration/Fire             5
 J - a book of Callings

   Spells                             Type                      Level
   a - Summon Small Mammal            Summoning                    1
   b - Call Imp                       Summoning                    2
   c - Call Canine Familiar           Summoning                    3
   d - Summon Guardian Golem          Hexes/Summoning              3
   e - Summon Lightning Spire         Summoning/Air                4
   f - Summon Ice Beast               Ice/Summoning                4
Comestibles
 f - 6 bread rations
 s - 7 meat rations
 A - 3 slices of pizza


   Skills:
 - Level 13.7 Fighting
 - Level 13.3 Axes
 - Level 10.2 Armour
 + Level 3.7 Shields
 - Level 5.3 Evocations


You had 10 spell levels left.
You didn't know any spells.

Dungeon Overview and Level Annotations

Branches:
Dungeon (11/15)            Temple (0/1) D:6            Lair (0/6) D:10
    Orc: D:9-12

Altars:
Ashenzari
Makhleb
Ru
Sif Muna
Xom
Beogh

Shops:
D:5 [(


Innate Abilities, Weirdness & Mutations

You reflexively headbutt those who attack you in melee.
You have a pair of horns on your head.


Message History

The 12-headed hydra bites you!
* * * LOW HITPOINT WARNING * * *
The 12-headed hydra bites you!
* * * LOW HITPOINT WARNING * * *
You block the 12-headed hydra's attack. x2; The 12-headed hydra bites you.
* * * LOW HITPOINT WARNING * * *
The 12-headed hydra bites you but does no damage.
The 12-headed hydra barely misses you.
The 12-headed hydra bites you but does no damage.
You block the 12-headed hydra's attack.
The 12-headed hydra bites you but does no damage.
Okay, then.
As you read the scroll labeled POZ NEOZILIAC, it crumbles to dust.
The scroll dissolves into smoke.
It was a scroll of fog.
The 12-headed hydra bites you but does no damage. x2
The 12-headed hydra barely misses you.
You block the 12-headed hydra's attack. x2
The 12-headed hydra bites you!
* * * LOW HITPOINT WARNING * * *
The 12-headed hydra bites you!
You die...

..######...#######..
................. ...............
................. .............
...######........ ............
...# #..###### #.......... ...#
#..# #..........
...######..############..........
...............§§§§..............
..............§§@D§..............
....######.#######§########......
....# #.# #.# #.##### ....# #.#
#.# #.# ..).# #.# #.# #.# ))..#
#.# #.# #.#
.)..######.#######.########.#####
.)[).....(.......................
##)÷....(......... .............


You could see a 12-headed hydra.

Vanquished Creatures
  Nergalle (D:10)
  4 hill giants
  Pikel (D:8)
  A cyclops (D:11)
  Joseph (D:8)
  A komodo dragon (D:10)
  3 trolls
  2 two-headed ogres
  Grinder (D:4)
  2 hippogriffs
  A shadow (D:11)
  Sigmund (D:3)
  11 yaks
  Eustachio (D:6)
  2 steam dragons
  A basilisk (D:10)
  A hungry ghost (D:11)
  Edmund (D:4)
  A water moccasin (D:8)
  A soldier ant (D:10)
  Duvessa (D:4)
  6 ogres
  3 ice beasts
  2 black bears
  8 orc warriors
  2 centaurs
  3 phantoms
  2 big kobolds
  2 bullfrogs
  A gnoll sergeant (D:8)
  Dowan (D:4)
  2 scorpions
  3 howler monkeys (D:11)
  3 crimson imps
  2 bullfrog zombies (D:6)
  2 centaur zombies
  4 jellies
  7 orc priests
  Crazy Yiuf (D:2)
  5 hounds
  3 quasits
  A bullfrog skeleton (D:8)
  5 iguanas
  Natasha (thrice) (D:4)
  11 orc wizards
  5 worker ants
  A killer bee zombie (D:9)
  A worker ant zombie (D:8)
  Robin (D:3)
  10 gnolls
  A howler monkey skeleton (D:11)
  10 adders
  4 shadow imps
  An adder zombie (D:6)
  3 worms
  2 dart slugs (D:2)
  6 leopard geckos
  74 orcs
  A ball python (D:2)
  4 giant cockroaches
  16 goblins
  9 hobgoblins
  12 jackals
  7 quokkas
  5 bats
  4 frilled lizards
  9 kobolds
  2 rats
309 creatures vanquished.

Notes
Turn   | Place    | Note
-------+----------+-------------------------------------------
     0 | D:1      | Nydiazath the Minotaur Fighter began the quest for the Orb.
     0 | D:1      | Reached XP level 1. HP: 19/19 MP: 0/0
   441 | D:1      | Reached XP level 2. HP: 27/27 MP: 1/1
   769 | D:1      | Reached XP level 3. HP: 5/33 MP: 2/2
   783 | D:2      | HP: 1/34 [poisoned by an adder]
  1151 | D:2      | Reached XP level 4. HP: 41/41 MP: 3/3
  1207 | D:2      | Reached skill level 5 in Fighting
  1782 | D:2      | Found a runed door.
  1933 | D:2      | Noticed Crazy Yiuf
  1938 | D:2      | Killed Crazy Yiuf
  1961 | D:3      | Noticed Robin
  1962 | D:3      | Reached XP level 5. HP: 36/48 MP: 4/4
  1971 | D:3      | Killed Robin
  2244 | D:3      | Noticed Sigmund
  2264 | D:3      | Killed Sigmund
  2264 | D:3      | Reached skill level 5 in Axes
  2264 | D:3      | Reached XP level 6. HP: 17/58 MP: 5/5
  3028 | D:3      | Found a deep blue altar of Sif Muna.
  3028 | D:3      | Found a shattered altar of Ashenzari.
  3186 | D:4      | Noticed Edmund
  3194 | D:4      | Killed Edmund
  3232 | D:4      | Noticed Dowan
  3233 | D:4      | Noticed Duvessa
  3243 | D:4      | Killed Duvessa
  3243 | D:4      | Reached XP level 7. HP: 59/66 MP: 6/6
  3251 | D:4      | Killed Dowan
  3292 | D:4      | Noticed Grinder
  3292 | D:4      | Paralysed by Grinder for 7 turns
  3308 | D:4      | Killed Grinder
  3475 | D:4      | Noticed Natasha
  3478 | D:4      | Killed Natasha
  3526 | D:4      | Noticed Natasha
  3528 | D:4      | Killed Natasha
  3550 | D:4      | Noticed Natasha
  3560 | D:4      | Killed Natasha
  3560 | D:4      | Reached XP level 8. HP: 51/75 MP: 7/7
  3951 | D:5      | Entered Level 5 of the Dungeon
  3952 | D:5      | Found Sylu's Armour Shop.
  4107 | D:5      | Found a shimmering altar of Xom.
  4107 | D:5      | Found a burning altar of Makhleb.
  4533 | D:5      | Found Guam's Antique Weapon Shop.
  4670 | D:6      | Noticed Eustachio
  4674 | D:6      | Reached skill level 10 in Fighting
  4813 | D:6      | Killed Eustachio
  4813 | D:6      | Reached skill level 10 in Axes
  4820 | D:6      | Found a sacrificial altar of Ru.
  4825 | D:6      | Reached XP level 9. HP: 81/86 MP: 8/8
  4959 | D:6      | Found a staircase to the Ecumenical Temple.
  5262 | D:7      | Reached skill level 5 in Armour
  5757 | D:8      | Noticed Pikel
  5762 | D:8      | Killed Pikel
  5835 | D:8      | Reached XP level 10. HP: 88/97 MP: 9/9
  5887 | D:8      | Found a roughly hewn altar of Beogh.
  6146 | D:8      | Noticed Joseph
  6156 | D:8      | Killed Joseph
  6421 | D:9      | Reached skill level 1 in Evocations
  6704 | D:10     | Entered Level 10 of the Dungeon
  6864 | D:10     | Noticed Nergalle
  6879 | D:10     | Killed Nergalle
  6917 | D:10     | Found a staircase to the Lair.
  7303 | D:10     | Reached XP level 11. HP: 101/106 MP: 12/12
  7321 | D:10     | Noticed a hill giant
  7330 | D:10     | Killed a hill giant
  7430 | D:10     | Noticed a hill giant
  7452 | D:10     | Killed a hill giant
  7982 | D:11     | Noticed a hill giant
  7992 | D:11     | Killed a hill giant
  8010 | D:11     | Reached skill level 10 in Armour
  8024 | D:11     | Noticed a hill giant
  8029 | D:11     | Reached skill level 5 in Evocations
  8034 | D:11     | Killed a hill giant
  8528 | D:11     | Noticed a five-headed hydra
  8562 | D:11     | HP: 5/108 [12-headed hydra (8)]
  8562 | D:11     | Slain by a 12-headed hydra

Skill      XL: |  1  2  3  4  5  6  7  8  9 10 11 |
---------------+----------------------------------+-----
Fighting       | 4 5 6 7 8 10 11 12 13 | 13.7
Axes           | 3 4 5 6 8 10 11 12 13 | 13.3
Armour         | 6 9 10 | 10.2
Evocations     | 3 5 |  5.3
Shields        | |  3.7

Action                   |  1- 3 |  4- 6 |  7- 9 | 10-12 || total
-------------------------+-------+-------+-------+-------++-------
Melee: War axe           |    67 |   151 |   268 |   387 ||   873
       Headbutt          |     4 |    22 |    55 |    98 ||   179
  Use: Potion            |     2 |       |       |     5 ||     7
       Scroll            |       |       |       |     1 ||     1
 Stab: Distracted        |       |       |     1 |       ||     1
  Eat: Chunk             |     1 |     5 |     8 |     6 ||    20
       Royal jelly       |       |       |     1 |       ||     1
       Fruit             |       |       |       |     4 ||     4
Armor: Scale mail        |    35 |    53 |       |       ||    88
       Plate armour      |       |    13 |   136 |   249 ||   398
Dodge: Dodged            |    30 |    32 |    27 |    78 ||   167
Block: Shield            |    47 |    73 |   131 |   262 ||   513
       Reflection        |       |       |     2 |     4 ||     6
